Map: Romanticide LE

Players

Nina

  • Race: Protoss Protoss

Neeb - Winner!

  • Race: Protoss Protoss

Event: DreamHack SC2 Masters 2021 Winter

VOD

Have the link to the VOD?

Description

Time

  • Played on: Oct. 16, 2021, 3:47 p.m.
  • Length: 16:27

All games in this series

Show
View Real Time Build Order
Export as new Build Order

Nina Protoss 

Build Orders: Phoenix Opening 

Get SALT Encoding   

  12  0:00  Probe  
  13  0:12  Probe  
  14  0:18  Pylon  
  14  0:24  Probe (Chrono Boost)  
  15  0:36  Probe (Chrono Boost)  
  15  0:37  Gateway  
  16  0:45  Probe (Chrono Boost)  
  17  0:51  Probe  
  17  0:52  Assimilator  
  18  1:03  Probe (Chrono Boost)  
  19  1:05  Assimilator  
  19  1:12  Gateway  
  19  1:13  Probe (Chrono Boost)  
  19  1:18  Probe (Chrono Boost)  
  21  1:26  Cybernetics Core  
  21  1:29  Probe  
  22  1:35  Pylon  
  22  1:41  Probe  
  23  1:53  Probe  
  24  2:06  Probe  
  25  2:11  Nexus  
  27  2:15  Sentry  
  27  2:17  Sentry  
  27  2:20  Probe  
  30  2:23  Warp Gate  
  30  2:29  Pylon  
  30  2:33  Probe  
  31  2:47  Probe  
  31  2:48  Stalker  
  31  2:50  Stalker  
  36  2:59  Probe  
  36  3:03  Shield Battery  
  37  3:10  Phoenix  
  37  3:11  Probe  
  38  3:22  Stalker  
  38  3:23  Stalker, Probe  
  43  3:27  Shield Battery  
  43  3:30  Probe  
  44  3:36  Probe  
  44  3:40  Twilight Council  
  45  3:42  Probe  
  45  3:47  Pylon  
  46  3:48  Probe  
  46  3:55  Probe (Chrono Boost)  
  46  4:00  Probe (Chrono Boost)  
  47  4:08  Probe (Chrono Boost)  
  48  4:11  Adept x2  
  48  4:12  Probe (Chrono Boost)  
  48  4:15  Probe (Chrono Boost)  
  54  4:17  Probe (Chrono Boost)  
  54  4:19  Blink (Chrono Boost)  
  54  4:22  Probe  
  56  4:28  Probe  
  57  4:32  Stalker  
  57  4:34  Pylon  
  57  4:37  Stalker  
  61  4:44  Probe  
  53  4:48  Probe  
  52  4:56  Probe  
  52  4:57  Gateway  
  53  5:01  Probe  
  54  5:08  Probe  
  54  5:13  Probe  
  56  5:17  Stalker  
  56  5:18  Stalker  
  56  5:21  Probe (Chrono Boost)  
  59  5:25  Probe (Chrono Boost)  
  59  5:26  Gateway  
  60  5:29  Forge  
  60  5:31  Robotics Facility  
  60  5:32  Probe (Chrono Boost)  
  60  5:35  Probe (Chrono Boost)  
  62  5:38  Probe (Chrono Boost)  
  62  5:41  Probe  
  64  5:44  Pylon  
  64  5:54  Nexus  
  64  5:56  Probe  
  65  5:58  Stalker  
  65  5:59  Probe  
  65  6:01  Protoss Ground Weapons Level 1 (Chrono Boost)  
  65  6:03  Assimilator  
  68  6:10  Pylon  
  69  6:15  Gateway  
  68  6:19  Gateway  
  68  6:21  Observer  
  68  6:24  Stalker  
  71  6:32  Photon Cannon, Stalker  
  72  6:37  Stalker  
  72  6:44  Probe  
  67  6:49  Stalker x2  
  67  6:52  Probe  
  72  6:56  Probe  
  72  6:59  Stalker  
  75  7:03  Stalker  
  75  7:04  Observer, Probe  
  75  7:08  Probe  
  78  7:09  Stalker  
  75  7:16  Probe  
  75  7:20  Stalker x3  
  76  7:29  Probe x2  
  72  7:30  Probe  
  72  7:32  Stalker  
  72  7:33  Stalker  
  77  7:41  Probe x2  
  77  7:43  Probe  
  80  7:45  Stalker  
  80  7:47  Stalker  
  80  7:48  Stalker  
  86  7:55  Probe (Chrono Boost)  
  86  7:56  Probe (Chrono Boost)  
  87  8:01  Protoss Ground Weapons Level 2 (Chrono Boost)  
  87  8:02  Photon Cannon, Probe (Chrono Boost)  
  88  8:07  Probe (Chrono Boost)  
  88  8:10  Probe (Chrono Boost)  
  91  8:13  Probe (Chrono Boost)  
  91  8:14  Pylon  
  91  8:15  Probe x2 (Chrono Boost)  
  91  8:17  Probe (Chrono Boost)  
  96  8:30  Assimilator  
  96  8:33  Photon Cannon, Stalker x3, Pylon  
  100  8:38  Assimilator  
  100  8:52  Nexus  
  100  8:54  Charge, Pylon  
  100  8:56  Probe x2  
  100  8:57  Assimilator, Probe  
  103  9:08  Probe x2  
  105  9:20  Observer  
  105  9:21  Probe  
  105  9:22  Zealot x5  
  116  9:26  Probe x2  
  116  9:28  Gateway  
  116  9:29  Pylon  
  118  9:33  Probe  
  118  9:34  Gateway  
  118  9:36  Gateway  
  118  9:37  Gateway  
  118  9:38  Probe  
  120  9:39  Probe  
  120  9:42  Shield Battery  
  122  9:45  Probe  
  122  9:50  Probe  
  122  9:52  Pylon  
  123  9:55  Zealot  
  123  9:56  Templar Archives  
  123  9:59  Probe  
  126  10:01  Shield Battery  
  126  10:03  Immortal (Chrono Boost)  
  130  10:14  Photon Cannon, Pylon  
  130  10:15  Zealot  
  130  10:16  Zealot  
  133  10:22  Zealot x2, Protoss Ground Weapons Level 3 (Chrono Boost)  
  133  10:23  Probe  
  138  10:29  Pylon  
  138  10:33  High Templar x2  
  138  10:34  High Templar x3  
  148  10:35  High Templar  
  148  10:38  Archon x2  
  150  10:43  Zealot x2, Archon  
  150  10:44  Zealot x2, Assimilator  
  150  10:48  Pylon  
  158  10:51  Warp Prism  
  158  10:58  Assimilator  
  150  11:12  High Templar x4  
  150  11:14  Zealot x6  
  150  11:16  Archon  
  150  11:17  Archon  
  168  11:19  Robotics Bay  
  163  11:35  Robotics Facility  
  163  11:37  Robotics Facility  
  163  11:43  Probe  
  163  11:44  Zealot  
  163  11:45  Zealot x7  
  180  11:48  Pylon  
  180  11:50  Pylon x2  
  180  11:58  Photon Cannon  
  180  12:00  Photon Cannon  
  180  12:11  Disruptor  
  183  12:22  Pylon  
  175  12:23  Photon Cannon, Disruptor x2  
  157  12:35  Zealot x7  
  157  12:47  Disruptor  
  157  12:50  Zealot x2, Nexus  
  157  12:51  Zealot  
  158  12:57  Zealot x2  
  144  12:59  Disruptor x2  
  144  13:05  Zealot  
  116  13:12  Stalker x2  
  116  13:13  Stalker x2  
  116  13:17  Stalker  
  125  13:20  Stalker x3  
  125  13:23  Disruptor  
  134  13:32  Stalker  
  134  13:33  Stalker  
  138  13:39  Observer  
  139  13:46  Disruptor  
  133  13:59  Observer  
  133  14:01  Zealot  
  133  14:02  Zealot x5  
  124  14:12  Disruptor (Chrono Boost)  
  124  14:14  Stalker x4  
  108  14:23  Stalker x5  
  119  14:31  Nexus  
  119  14:32  Disruptor x2 (Chrono Boost)  
  119  14:34  Stalker  
  124  14:39  Probe  
  125  14:47  Stalker x3  
  131  15:00  Zealot x4  
  131  15:02  Observer  
  131  15:06  Zealot x3  
  98  15:17  Zealot x2  
  98  15:19  Zealot  
  98  15:20  Zealot x2  
  98  15:21  Zealot  
  99  15:25  Zealot  
  89  15:31  Probe x2  
  89  15:32  Disruptor  
  95  15:39  Disruptor  
  98  15:47  High Templar x4  
Show
View Real Time Build Order
Export as new Build Order

Neeb Protoss - Winner!

Build Orders: Oracle Opening 

Get SALT Encoding   

  12  0:00  Probe  
  13  0:12  Probe  
  14  0:16  Pylon  
  14  0:24  Probe (Chrono Boost)  
  15  0:36  Probe (Chrono Boost)  
  15  0:37  Gateway  
  16  0:44  Probe (Chrono Boost)  
  16  0:45  Assimilator  
  17  0:50  Probe  
  18  0:57  Assimilator  
  18  1:03  Probe (Chrono Boost)  
  19  1:08  Gateway  
  19  1:12  Probe (Chrono Boost)  
  19  1:17  Probe (Chrono Boost)  
  20  1:25  Cybernetics Core  
  20  1:29  Probe  
  21  1:35  Pylon  
  21  1:41  Probe  
  22  1:53  Probe  
  23  2:01  Adept x2  
  23  2:04  Stargate  
  27  2:13  Warp Gate, Pylon  
  27  2:17  Probe  
  28  2:31  Stalker  
  30  2:47  Oracle (Chrono Boost)  
  33  3:04  Nexus  
  33  3:08  Probe  
  34  3:19  Oracle (Chrono Boost)  
  34  3:20  Probe  
  36  3:33  Probe  
  37  3:39  Pylon  
  37  3:40  Twilight Council  
  37  3:45  Probe  
  38  3:57  Probe  
  37  4:06  Adept  
  37  4:07  Adept  
  37  4:09  Probe (Chrono Boost)  
  42  4:13  Blink (Chrono Boost)  
  43  4:17  Probe (Chrono Boost)  
  43  4:21  Probe (Chrono Boost)  
  44  4:25  Probe (Chrono Boost)  
  44  4:27  Gateway, Probe (Chrono Boost)  
  46  4:33  Probe  
  46  4:35  Probe  
  49  4:45  Probe  
  49  4:48  Probe  
  49  4:50  Gateway  
  49  4:52  Pylon  
  46  4:57  Probe  
  46  5:00  Stalker x2, Probe  
  47  5:09  Probe  
  47  5:12  Probe  
  44  5:22  Gateway, Probe  
  44  5:24  Probe  
  46  5:34  Probe  
  46  5:35  Stalker x2  
  51  5:37  Probe  
  52  5:45  Stalker  
  52  5:46  Probe  
  52  5:49  Probe  
  56  5:50  Stalker  
  58  5:58  Probe  
  58  6:01  Probe  
  58  6:02  Stalker  
  58  6:03  Stalker  
  64  6:15  Pylon  
  64  6:17  Stalker x2  
  68  6:19  Assimilator  
  68  6:23  Stalker  
  70  6:33  Probe x2  
  72  6:45  Probe  
  67  6:49  Probe  
  67  6:52  Stalker  
  70  6:55  Stalker x3  
  70  6:58  Pylon  
  70  6:59  Probe, Pylon  
  77  7:03  Probe  
  76  7:08  Nexus  
  71  7:22  Stalker x4  
  68  7:26  Probe  
  65  7:30  Probe  
  65  7:34  Pylon  
  66  7:42  Probe  
  67  7:45  Probe  
  67  7:46  Stalker x3  
  74  7:54  Probe  
  74  7:57  Probe  
  76  8:04  Pylon  
  76  8:06  Robotics Facility, Probe (Chrono Boost)  
  76  8:09  Probe (Chrono Boost), Forge, Shield Battery  
  78  8:16  Assimilator  
  78  8:18  Probe (Chrono Boost)  
  80  8:20  Probe (Chrono Boost)  
  80  8:23  Stalker  
  80  8:24  Probe (Chrono Boost)  
  80  8:25  Probe (Chrono Boost)  
  84  8:27  Probe (Chrono Boost), Sentry x2  
  90  8:36  Protoss Ground Weapons Level 1 (Chrono Boost)  
  90  8:37  Probe (Chrono Boost)  
  90  8:39  Probe (Chrono Boost)  
  90  8:40  Pylon  
  92  8:42  Probe (Chrono Boost)  
  92  8:47  Assimilator, Pylon  
  92  8:48  Probe x2 (Chrono Boost)  
  93  8:50  Assimilator  
  93  8:52  Probe  
  95  8:56  Observer (Chrono Boost), Probe  
  95  8:57  Probe  
  98  9:04  Probe  
  98  9:06  Stalker x2  
  98  9:11  Stalker x2  
  101  9:17  Immortal (Chrono Boost)  
  105  9:31  Gateway  
  105  9:32  Robotics Bay  
  105  9:35  Gateway x2  
  105  9:37  Robotics Facility  
  105  9:38  Gateway  
  105  9:40  Probe  
  106  9:46  Immortal (Chrono Boost)  
  106  9:50  Adept  
  106  9:51  Adept  
  114  9:53  Probe  
  114  9:58  Stalker x2  
  119  10:15  Nexus  
  119  10:16  Pylon  
  119  10:17  Probe x2  
  119  10:19  Disruptor (Chrono Boost)  
  121  10:22  Disruptor (Chrono Boost)  
  127  10:38  Protoss Ground Weapons Level 2 (Chrono Boost)  
  127  10:39  Shield Battery  
  127  10:41  Shield Battery  
  127  10:46  Stalker  
  127  10:47  Stalker  
  127  10:48  Disruptor (Chrono Boost)  
  134  10:51  Disruptor (Chrono Boost)  
  134  10:53  Stalker  
  134  10:54  Stalker  
  134  10:56  Photon Cannon  
  141  11:00  Pylon  
  135  11:15  Stalker x3  
  135  11:16  Dark Shrine  
  138  11:34  Nexus, Disruptor (Chrono Boost)  
  141  11:41  Disruptor  
  141  11:43  Photon Cannon x2  
  144  11:47  Stalker x2  
  148  11:54  Pylon  
  148  11:56  Pylon  
  148  11:59  Pylon  
  148  12:00  Pylon  
  148  12:11  Pylon  
  148  12:13  Stalker x4  
  156  12:18  Stalker  
  156  12:21  Probe  
  156  12:22  Probe x2  
  154  12:33  Probe  
  155  12:39  Gateway  
  155  12:41  Stalker x2  
  159  12:45  Shadow Stride (Chrono Boost)  
  159  12:50  Nexus  
  159  12:52  Photon Cannon  
  159  12:54  Shield Battery  
  141  13:13  Probe x2  
  141  13:15  Probe  
  144  13:20  Stalker x7  
  158  13:28  Probe  
  158  13:33  Oracle  
  159  13:36  Unknown  
  159  13:38  Nexus  
  159  13:43  Disruptor x2 (Chrono Boost)  
  157  13:59  Zealot x2, Dark Templar  
  157  14:00  Stalker x2  
  140  14:17  Probe x2, Pylon  
  140  14:18  Dark Templar x2  
  140  14:20  Dark Templar x2  
  148  14:26  Dark Templar x2  
  148  14:30  Disruptor x2  
  158  14:37  Photon Cannon  
  158  14:57  Probe  
  155  15:02  Stalker x4  
  155  15:06  Disruptor x2  
  137  15:29  Stalker x8  
  137  15:33  Assimilator  
  137  15:34  Assimilator  
  153  15:36  Probe x2  
  152  15:43  Disruptor x2  

Tags
 
Add a new tag
Caveats
  • Supply blocks, unpowered buildings, or Contaminate may cause inaccurate times.
  • Supply counts are checked every 10 seconds.